 Dungeon Crawl Stone Soup version 0.28.0-53-g5a82cb258f (webtiles) character file.

Game seed: 16987365481695576917

1255 safid the Cleaver (level 8, 0/66 HPs)
             Began as a Hill Orc Fighter on Aug 15, 2022.
             Was an Initiate of Beogh.
             Slain by a meliai zombie (3 damage)
             ... on level 6 of the Dungeon.
             The game lasted 00:04:52 (6008 turns).

safid the Cleaver (Hill Orc Fighter)                Turns: 6008, Time: 00:04:52

Health: 0/66       AC:  9    Str: 21    XL:     8   Next: 51%
Magic:  8/8        EV:  9    Int:  8    God:    Beogh [......]
Gold:   247        SH:  4    Dex: 10    Spells: 7/7 levels left

rFire   . . .      SeeInvis .   a - +0 war axe
rCold   . . .      Faith    .   c - +0 buckler
rNeg    . . .      Spirit   .   b - +0 scale mail
rPois   .          Reflect  .   (no helmet)
rElec   .          Harm     .   o - +1 cloak
rCorr   .          Rampage  .   (no gloves)
Will    .....                   (no boots)
Stlth   ..........              (no amulet)
HPRegen 0.21/turn               (no ring)
MPRegen 0.11/turn               (no ring)

@: mighty
A: no striking features
a: Renounce Religion


You were on level 6 of the Dungeon.
You worshipped Beogh.
Beogh was noncommittal.
You visited 1 branch of the dungeon, and saw 6 of its levels.

You collected 247 gold pieces.

Inventory:

Hand Weapons
 a - a +0 war axe (weapon)
Missiles
 f - 11 poisoned darts (quivered)
 t - 3 curare-tipped darts
Armour
 b - a +0 scale mail (worn)
 c - a +0 buckler (worn)
 o - a +1 cloak (worn)
Jewellery
 p - an amulet of guardian spirit
Wands
 m - a wand of acid (8)
Scrolls
 e - 4 scrolls of teleportation {unknown}
 g - 3 scrolls of vulnerability {unknown}
 i - a scroll of brand weapon {unknown}
 l - 3 scrolls of identify {unknown}
 q - a scroll of enchant armour {unknown}
 r - a scroll of enchant weapon {unknown}
 s - a scroll of immolation {unknown}
 u - a scroll of magic mapping {unknown}
 w - a scroll of holy word {unknown}
 y - a scroll of fog {unknown}
Potions
 h - a potion of brilliance {unknown}
 j - a potion of degeneration {unknown}
 k - a potion of attraction {unknown}
 n - a potion of mutation {unknown}
 v - a potion of magic {unknown}
 x - 2 potions of heal wounds {unknown}


   Skills:
 - Level 4.0 Fighting
 + Level 12.5 Axes
 - Level 4.0 Armour
 - Level 4.0 Shields


You had 7 spell levels left.
You didn't know any spells.
Your spell library contained the following spells:

 Spells                   Type           Power      Damage    Failure   Level
 Shock                    Conj/Air       0%         1d3       83%         1
 Static Discharge         Conj/Air       0%         N/A       92%         2
 Swiftness                Air            0%         N/A       99%         3
 Airstrike                Air            0%         N/A       100%        4
 Dispel Undead            Necr           0%         3d6       100%        4
 Sticky Flame             Conj/Fire      0%         2d3       100%        4


Dungeon Overview and Level Annotations

Branches:
Dungeon (6/15)             Temple (0/1) D:4

Altars:
Ashenzari
Fedhas
Kikubaaqudgha
Makhleb
Qazlal
The Shining One

Shops:
D:2 [

Annotations:
D:5 1 runed translucent door, 12572944's ghost, novice DrTm


Message History

You closely miss the steam dragon.
The steam dragon is almost dead.
The steam dragon bites you.
* * * LOW HITPOINT WARNING * * *
The steam dragon claws you but does no damage.
Unknown command.
You slash the steam dragon!
You kill the steam dragon!
Beogh accepts your kill.
Unknown command.
You block the meliai zombie's attack.
The meliai zombie hits you but does no damage.
The meliai zombie hits you!
* * * LOW HITPOINT WARNING * * *
The meliai zombie barely misses you.
There is a stone staircase leading up, spattered with blood here.
Things that are here:
a +0 dagger; a +0 robe Unknown command.
You feel very mighty all of a sudden. You block the meliai zombie's attack.
The meliai zombie hits you.
* * * LOW HITPOINT WARNING * * *
The meliai zombie hits you but does no damage. x2
Unknown command.
You completely miss the meliai zombie. The meliai zombie hits you.
* * * LOW HITPOINT WARNING * * *
You block the meliai zombie's attack.
Unknown command.
You barely miss the meliai zombie.
The meliai zombie hits you but does no damage. x2
You block the meliai zombie's attack. x2
Unknown command.
You slash the meliai zombie!
The meliai zombie is moderately damaged.
The meliai zombie hits you but does no damage. x2
Unknown command.
You hit the meliai zombie.
The meliai zombie is moderately damaged.
The meliai zombie closely misses you. The meliai zombie hits you.
You die...

#.# ####### #.#
#.....# #.# #.....#
#)#
...#.....#####)#######
.......<....).........
.......).........[....
...#.....##.....####.
. #..........Z@#
#.....##.....#
#....?######.# #.....#
.... ##.#### #...
#.o.. #.... .....


You could see a meliai zombie and a neutral orc priest (wandering).

Vanquished Creatures
  A steam dragon (D:6)
  An ice beast (D:6)
  3 ogres
  2 phantoms
  3 scorpions
  A hound (D:5)
  A gnoll shaman (D:5)
  An iguana (D:5)
  4 orc wizards
  A howler monkey skeleton (D:6)
  8 gnolls
  5 adders
  A shadow imp (D:5)
  A white imp (D:5)
  2 worms
  2 dart slugs
  17 orcs
  7 endoplasms
  3 giant cockroaches
  19 goblins
  4 hobgoblins
  9 kobolds
  3 quokkas
  8 ball pythons
  4 bats
  A quokka skeleton (D:4)
  3 rats
115 creatures vanquished.

Vanquished Creatures (others)
  An orc wizard (D:6)
  2 orcs (D:6)
3 creatures vanquished.

Grand Total: 118 creatures vanquished

Notes
Turn   | Place    | Note
-------+----------+-------------------------------------------
     0 | D:1      | safid the Hill Orc Fighter began the quest for the Orb.
     0 | D:1      | Reached XP level 1. HP: 19/19 MP: 1/1
   433 | D:1      | Reached skill level 3 in Axes
   433 | D:1      | Reached XP level 2. HP: 24/27 MP: 2/2
  1078 | D:2      | Reached XP level 3. HP: 32/33 MP: 3/3
  1230 | D:2      | Found a burning altar of Makhleb.
  1783 | D:2      | Found Ytieqorgh's Antique Armour Emporium.
  1982 | D:3      | Reached XP level 4. HP: 37/40 MP: 4/4
  2170 | D:3      | Reached skill level 4 in Axes
  2461 | D:3      | Reached skill level 5 in Axes
  2461 | D:3      | Reached XP level 5. HP: 15/46 MP: 5/5
  2874 | D:3      | Reached skill level 6 in Axes
  3454 | D:4      | Identified the +5 dagger of the Tomato {freeze, Str+4}
  3488 | D:4      | Found a blossoming altar of Fedhas.
  3495 | D:4      | Found an ancient bone altar of Kikubaaqudgha.
  3495 | D:4      | Found a glowing golden altar of the Shining One.
  3574 | D:4      | Found a broken altar of Ashenzari.
  3575 | D:4      | Noticed a phantom
  3577 | D:4      | Found a stormy altar of Qazlal.
  3585 | D:4      | Killed a phantom
  3586 | D:4      | Reached skill level 7 in Axes
  3586 | D:4      | Reached XP level 6. HP: 38/52 MP: 6/6
  3764 | D:4      | Found a staircase to the Ecumenical Temple.
  4027 | D:5      | Entered Level 5 of the Dungeon
  4039 | D:4      | Reached skill level 8 in Axes
  4251 | D:5      | Reached XP level 7. HP: 52/59 MP: 7/7
  4265 | D:5      | Reached skill level 9 in Axes
  4402 | D:5      | Reached skill level 10 in Axes
  4477 | D:5      | Found a runed translucent door.
  4712 | D:5      | Reached XP level 8. HP: 57/66 MP: 8/8
  4721 | D:5      | Reached skill level 11 in Axes
  4843 | D:5      | Noticed 12572944's ghost (novice DrTm)
  5962 | D:6      | Became a worshipper of Beogh the Brigand
  5981 | D:6      | Reached skill level 12 in Axes
  6005 | D:6      | HP: 2/66 [meliai zombie (2)]
  6008 | D:6      | Slain by a meliai zombie

Illustrated notes

Levels and vault maps discovered:
D:1:      roderic_dead_forest, layout_basic
D:2:      kennysheep_the_goblin_king, layout_basic, basic_altar, serial_shops,
          shop, nicolae_elevator_lobby_plus
D:3:      layout_loops_ring, minmay_goblin_outpost
D:4:      layout_cave_pools, fedhas_altar_3, grunt_temple_overflow_open,
          temple_green, serial_column_ruins, column_ruins_corridor_straight,
          column_ruins_corridor_T, column_ruins_columns_straight
D:5:      mumra_celtic_spiral_tile, layout_basic, gammafunk_ghost_grave
D:6:      layout_basic, lemuel_crystal_altar, minmay_tree_intersection,
          grunt_decor_one_mirror, uniq_grinder, uniq_menkaure, uniq_duvessa

Skill      XL: |  1  2  3  4  5  6  7  8 |
---------------+-------------------------+-----
Axes           | 3 5 7 8 10 12 | 12.5
Fighting       | 4 |  4.0
Armour         | 4 |  4.0
Shields        | 4 |  4.0

Action                   |  1- 3 |  4- 6 |  7- 9 || total
-------------------------+-------+-------+-------++-------
Melee: War axe           |    65 |   167 |   112 ||   344
Invok: Convert to Beogh  |       |       |     1 ||     1
  Use: Potion            |       |       |     1 ||     1
Armor: Scale mail        |    28 |    60 |    42 ||   130
Dodge: Dodged            |    25 |    77 |    41 ||   143
Block: Buckler           |    15 |    42 |    27 ||    84
